 Dungeon Crawl Stone Soup version 0.30-a0-462-gd5975efbca (webtiles) character file.

Game seed: 814827348333849982

2080629 cforsyth the Heavyweight Champion (level 27, 338/338 HPs)
             Began as a Troll Fighter on Dec 16, 2022.
             Was the Champion of Wu Jian.
             Escaped with the Orb
             ... and 4 runes!
             The game lasted 03:31:58 (85903 turns).

cforsyth the Heavyweight Champion (Troll Fighter)  Turns: 85903, Time: 03:31:59

Health: 338/338    AC: 33    Str: 30    XL:     27
Magic:  24/24      EV:  5    Int: 19    God:    Wu Jian [******]
Gold:   9564       SH: 35    Dex: 12    Spells: 28/32 levels left

rFire   + . .      SeeInvis .      - Unarmed
rCold   + + .      Faith    .    M - +18 shield of the Gong {rElec rN+ Will+ EV-5}
rNeg    + . .      Spirit   .    v - +8 gold dragon scales of Foolhardiness {rPois rF+ rC+ Int+3 Dex+3}
rPois   +          Reflect  +    U - +2 hat
rElec   +          Harm     .    i - +2 cloak {rCorr}
rCorr   +          Rampage  .    (gloves unavailable)
Will    ++++.                    (boots unavailable)
Stlth   ..........               R - amulet of the Komtur {Reflect rC+ SH+5}
HPRegen 1.56/turn                S - ring of willpower
MPRegen 0.19/turn                D - ring "Weniafoaf" {EV+4 Int+4 Slay+3 Stlth+}

@: studying 3 skills
A: large, unfitting armour, claws 3, regeneration 1, shaggy fur 1, tough skin 1,
clumsy 1, deterioration 1, low MP 1, sense surroundings 1, robust 1, weak 1,
subdued magic 1, noise suppression
0: Orb of Zot
}: 4/15 runes: serpentine, barnacled, slimy, silver
a: Renounce Religion, Wall Jump, Serpent's Lash, Heavenly Storm


You escaped.
You worshipped Wu Jian.
Wu Jian was exalted by your worship.
You visited 12 branches of the dungeon, and saw 54 of its levels.
You also visited: Sewer, Ossuary, Gauntlet and Ice Cave.

You collected 11619 gold pieces.
You spent 2055 gold pieces at shops.

Inventory:

Armour
 b - the +2 cloak of the Meadowlark {Int+4 Dex+7}
   (You found it on level 3 of the Depths)

   Int:       It affects your intelligence (+4).
   Dex:       It affects your dexterity (+7).
 i - a +2 cloak of preservation (worn)
 v - the +8 gold dragon scales of Foolhardiness (worn) {rPois rF+ rC+ Int+3 Dex+3}
   (You acquired it on level 2 of the Orcish Mines)

   Int:       It affects your intelligence (+3).
   Dex:       It affects your dexterity (+3).
   rF:        It protects you from fire.
   rC:        It protects you from cold.
   rPois:     It protects you from poison.
 M - the +18 shield of the Gong (worn) {rElec rN+ Will+ EV-5}
   (You acquired it on level 15 of the Dungeon)

   It is deafeningly noisy when blocking attacks.
   EV:        It affects your evasion (-5).
   rElec:     It insulates you from electricity.
   rN:        It protects you from negative energy.
   Will:      It increases your willpower.
 U - a +2 hat (worn)
 Y - a scarf of resistance
Jewellery
 g - a ring of see invisible
 l - a +6 ring of strength
 r - a ring of flight
 D - the ring "Weniafoaf" (right claw) {EV+4 Int+4 Slay+3 Stlth+}
   (You took it off a deep elf death mage on level 3 of the Elven Halls)

   [ring of evasion]

   EV:        It affects your evasion (+4).
   Int:       It affects your intelligence (+4).
   Slay:      It affects your accuracy & damage with ranged weapons and melee
   (+3).
   Stlth:     It makes you more stealthy.
 F - a ring of magical power
 R - the amulet of the Komtur (around neck) {Reflect rC+ SH+5}
   (You bought it in a shop on level 2 of the Elven Halls)

   [amulet of reflection]

   It reflects blocked missile attacks.
   rC:        It protects you from cold.
   SH:        It affects your SH (+5).
 S - a ring of willpower (left claw)
 X - a ring of positive energy
Wands
 a - a wand of paralysis (27)
 u - a wand of flame (111)
 A - a wand of quicksilver (13)
 L - a wand of mindburst (12)
 N - a wand of digging (5)
 W - a wand of roots (41)
 Z - a wand of polymorph (12)
Scrolls
 j - 7 scrolls of amnesia
 k - 6 scrolls of immolation
 m - 14 scrolls of vulnerability
 n - 24 scrolls of teleportation
 o - 10 scrolls of enchant armour
 p - 10 scrolls of poison
 q - a scroll of torment
 s - 6 scrolls of brand weapon
 y - a scroll of blinking
 B - 8 scrolls of fog
 E - 5 scrolls of fear
 Q - 7 scrolls of magic mapping
 V - 5 scrolls of silence
Potions
 c - 6 potions of might
 d - a potion of haste
 e - 10 potions of attraction
 f - 3 potions of invisibility
 h - 23 potions of curing
 t - 7 potions of flight
 x - 7 potions of resistance
 z - 5 potions of magic
 C - 8 potions of mutation
 G - 7 potions of brilliance
 H - 7 potions of ambrosia
 I - 14 potions of heal wounds
 J - 7 potions of cancellation
 O - 6 potions of berserk rage
Miscellaneous
 P - a phantom mirror
 T - a phial of floods


   Skills:
 + Level 23.7 Fighting
 - Level 11.0 Armour
 - Level 9.9 Dodging
 - Level 13.3 Shields
 O Level 27 Unarmed Combat
 - Level 3.3 Spellcasting
 - Level 13.0 Transmutations
 - Level 15.3 Earth Magic


You had 28 spell levels left.
You knew the following spells:

 Your Spells              Type           Power      Damage    Failure   Level
a - Wereblood             Tmut           40%        N/A       3%          2
b - Passwall              Tmut/Erth      35%        N/A       1%          2

Your spell library contained the following spells:

 Spells                   Type           Power      Damage    Failure   Level
 Beastly Appendage        Tmut           80%        N/A       1%          1
 Sandblast                Erth           94%        2d19      1%          1
 Lee's Rapid Deconstruct  Erth           23%        3d13*     24%         5
 Sting                    Tmut/Pois      84%        1d7       32%         1
 Stone Arrow              Conj/Erth      48%        3d10      52%         3
 Blade Hands              Tmut           20%        N/A       54%         5
 Spider Form              Tmut/Pois      21%        N/A       71%         3
 Leda's Liquefaction      Hex/Erth       12%        N/A       91%         4
 Ignite Poison            Fire/Tmut/Pois 15%        N/A       94%         3
 Foxfire                  Conj/Fire      8%         2x1d4     99%         1
 Freeze                   Ice            8%         1d3       99%         1
 Magic Dart               Conj           8%         1d3       99%         1
 Necrotise                Necr           8%         1d4       99%         1
 Shock                    Conj/Air       8%         1d3       99%         1
 Slow                     Hex            8%         N/A       99%         1
 Borgnjor's Vile Clutch   Necr/Erth      12%        N/A       99%         5
 Blink                    Tloc           4%         N/A       100%        2
 Call Imp                 Summ           2%         N/A       100%        2
 Cigotuvi's Dreadful Rot  Necr/Pois/Air  4%         N/A       100%        2
 Ensorcelled Hibernation  Hex/Ice        4%         N/A       100%        2
 Momentum Strike          Conj/Tloc      4%         3d8       100%        2
 Poisonous Vapours        Pois/Air       4%         N/A       100%        2
 Scorch                   Fire           4%         2d5       100%        2
 Sublimation of Blood     Necr           2%         N/A       100%        2
 Call Canine Familiar     Summ           2%         N/A       100%        3
 Frozen Ramparts          Ice            4%         1d1       100%        3
 Gell's Gravitas          Tloc           2%         N/A       100%        3
 Hailstorm                Conj/Ice       2%         3d3       100%        3
 Kindle Blastsparks       Fire/Tloc/Air  4%         2d10      100%        3
 Lesser Beckoning         Tloc           4%         N/A       100%        3
 Mephitic Cloud           Conj/Pois/Air  2%         N/A       100%        3
 Ozocubu's Armour         Ice            2%         N/A       100%        3
 Portal Projectile        Hex/Tloc       4%         N/A       100%        3
 Swiftness                Air            2%         N/A       100%        3
 Teleport Other           Tloc           2%         N/A       100%        3
 Tukima's Dance           Hex            2%         N/A       100%        3
 Vampiric Draining        Necr           2%         2d6       100%        3
 Airstrike                Air            1%         2d(1-17)  100%        4
 Anguish                  Hex/Necr       1%         N/A       100%        4
 Dispel Undead            Necr           2%         3d7       100%        4
 Flame Wave               Conj/Fire      2%         2d4       100%        4
 Fulminant Prism          Conj/Hex       1%         3d5       100%        4
 Iskenderun's Mystic Bla  Conj/Tloc      2%         2d3       100%        4
 Manifold Assault         Tloc           2%         N/A       100%        4
 Olgreb's Toxic Radiance  Pois           2%         N/A       100%        4
 Passage of Golubria      Tloc           2%         N/A       100%        4
 Summon Lightning Spire   Summ/Air       2%         N/A       100%        4
 Agony                    Necr           2%         N/A       100%        5
 Fireball                 Conj/Fire      1%         3d3       100%        5
 Lightning Bolt           Conj/Air       1%         1d12      100%        5
 Summon Forest            Summ/Tloc      1%         N/A       100%        5
 Summon Mana Viper        Hex/Summ       2%         N/A       100%        5
 Yara's Violent Unravell  Hex/Tmut       10%        3d6       100%        5
 Death Channel            Necr           1%         N/A       100%        6
 Dispersal                Tloc           1%         N/A       100%        6
 Eringya's Noxious Bog    Tmut/Pois      10%        N/A       100%        6
 Iron Shot                Conj/Erth      12%        9d3       100%        6
 Simulacrum               Ice/Necr       1%         N/A       100%        6
 Starburst                Conj/Fire      1%         6d3       100%        6
 Summon Cactus Giant      Summ           1%         N/A       100%        6
 Enfeeble                 Hex            1%         N/A       100%        7
 Monstrous Menagerie      Summ           1%         N/A       100%        7
 Ozocubu's Refrigeration  Ice            1%         4d7       100%        7
 Summon Hydra             Summ           1%         N/A       100%        7
 Chain Lightning          Conj/Air       1%         3d1       100%        9
 Shatter                  Erth           23%        3d20*     100%        9


Dungeon Overview and Level Annotations

Branches:
Dungeon (15/15)            Temple (1/1) D:5            Lair (5/5) D:11
 Shoals (4/4) Lair:2        Snake (4/4) Lair:2        Slime (5/5) Lair:5
    Orc (2/2) D:10            Elf (3/3) Orc:2        Vaults (5/5) D:13
  Crypt (0/3) Vaults:3     Depths (4/4) D:15           Hell (visited)
    Zot (5/5) Depths:4      Sewer (visited)         Ossuary (visited)
  IceCv (visited)         Gauntlet (visited)
    Dis: Hell:1         Geh: Hell:1         Coc: Hell:1         Tar: Hell:1

Altars:
Cheibriados
Dithmenos
Elyvilon
Fedhas
Gozag
Hepliaklqana
Kikubaaqudgha
Makhleb
Nemelex Xobeh
Okawaru
Qazlal
Ru
Sif Muna
Trog
Vehumet
Wu Jian
Xom
Yredelemnul
Zin
The Shining One
Lugonu

Shops:
D:6 *   D:9 [   D:10 *   Orc:2 =[=**:   Elf:1 *   Elf:2 =:=   Shoals:1 *
Snake:1 =   Vaults:2 ?=!!(   Depths:2 *=[

Portals:
Hell: Depths:1 Depths:2 Depths:3 Depths:4
Abyss: Depths:1 Depths:3
Pandemonium: Orc:2 Depths:2 Depths:4
Ziggurat: Depths:3

Annotations:
Hell Geryon
Zot:1 2 transporters, exclusion: orange crystal statue


Innate Abilities, Weirdness & Mutations

You are too large for most types of armour.
You have claws for hands.
Your natural rate of healing is unusually fast.
You are covered in fur. (AC +1)
You have tough skin. (AC +1)
You are clumsy. (Dex -2)
Your body sometimes deteriorates upon taking damage.
Your magical capacity is low. (-10% MP)
You passively map a small area around you.
You are robust. (+10% HP)
You are weak. (Str -2)
Your spells are a little easier to cast, but a little less powerful.
You passively dampen the noise of your surroundings.


Message History

PANG!
You climb upwards.
There is a stone staircase leading down here.
You eviscerate the Executioner!!!
The Executioner is heavily wounded.
You block the Executioner's attack.
GONNNNG!
You block the Executioner's attack.
GONNNNG!
The Executioner hits you but does no damage.
You eviscerate the Executioner!!!
You kill the Executioner!
The Council accepts your kill.
(D) Dungeon (T) Temple (L) Lair (A) Shoals (P) Snake Pit (M) Slime Pits (O) Orcish Mines (E) Elven Halls (V) Vaults (C) Crypt (U) Depths (H) Hell (Z) Zot
Where to? (Enter - D:2, ? - help)
There is a stone staircase leading up here.
You climb upwards.
There is a stone staircase leading down here.
You open the door.
A sixfirhy comes into view.
There is an open door here.
You block the sixfirhy's attack.
GONNNNG!
You closely miss the sixfirhy. You barely miss the sixfirhy.
You closely miss the sixfirhy. You eviscerate the sixfirhy!!!
You kill the sixfirhy!
The Council accepts your kill.
HP restored.
An Ice Fiend comes into view.
An Ice Fiend is nearby!
An Ice Fiend is nearby!
An Ice Fiend is nearby!
The Ice Fiend moves out of view.
There is a staircase leading out of the dungeon here.
You have escaped!

#.......######.........#
#....
#.>.....'..............#
#(...
#.......#####..........#
#.... #.......#
#.#####'#### #####
#.......# ##.# #.# #
#.......# ##.## #.# ##
#.......###.♣#♣♣# #.# #.
#.........#♣.♣..♣##.# #∩
#########.##♣...@♣#.#####
##.
#.##.♣#♣♣##.....#######..
#.##.## #.........#.....
#.###.# #.........#.....
#.##..# #..............÷
#.##.## #..............♣
###.##.###
#...............
#........#
########...[....
#........# #.......8


There were no monsters in sight!

Vanquished Creatures
  the Royal Jelly (Slime:5)
  9 dread liches
  5 orbs of fire
  3 ancient liches
  The ghost of Joetwoph the Wrestler, a veteran OgTm of Ashenzari (Vaults:1)
  Parghit (Zot:3)
  Vashnia (Snake:4)
  5 Killer Klowns (Zot:5)
  Xtahua (Vaults:3)
  A curse toe (Zot:2)
  Saint Roka (Depths:3)
  16 golden dragons
  Nikola (Vaults:1)
  the Enchantress (Depths:3)
  2 doom hounds (Zot:1)
  2 electric golems (Zot:5)
  The ghost of krigyl the Warrior, an adept AtFi of Uskayaw (Vaults:2)
  15 tentacled monstrosities
  Jorgrun (D:15)
  26 Orb Guardians
  Grunn (Zot:1)
  A walking earthen tome (Depths:4)
  A lich (Vaults:5)
  7 quicksilver dragons
  3 deep elf blademasters
  6 titans (Vaults:5)
  2 deep elf master archers (Elf:3)
  A kraken (Shoals:4)
  16 acid blobs
  An Executioner (D:2)
  Frances (D:14)
  8 sphinxes
  13 storm dragons
  A shadow dragon (shapeshifter) (Vaults:5)
  Kirke (Snake:3)
  Gastronok (Lair:1)
  4 tengu reavers (Vaults:5)
  6 death cobs
  20 rockslimes
  9 shadow dragons
  6 draconian monks
  3 nagarajas (Snake:4)
  4 fire giants
  10 draconian knights
  7 frost giants
  14 azure jellies
  15 vault wardens
  2 iron dragons (Vaults:5)
  3 draconian scorchers
  6 deep elf sorcerers
  3 ghost moths
  A balrug (Depths:2)
  Aizul (Elf:1)
  2 orc warlords (Vaults:4)
  A curse skull (Vaults:3)
  4 draconian stormcallers
  3 deep elf elementalists (Elf:3)
  8 draconian shifters
  15 ironbound preservers
  The ghost of Gumoc the Spry, an adept SpAK of Lugonu (Depths:4)
  3 war gargoyles
  7 draconian annihilators
  A reaper (Depths:1)
  15 quicksilver oozes
  6 caustic shrike skeletons (Depths:3)
  4 spriggan defenders
  5 ironbound thunderhulks
  6 green draconians
  31 very ugly things
  14 stone giants
  8 black draconians
  4 deep elf annihilators
  Nessos (D:15)
  7 vampire knights
  An eleionoma (Depths:3)
  13 dire elephants
  An elemental wellspring (Shoals:1)
  9 deep elf demonologists
  2 spark wasps
  A minotaur (Gauntlet)
  9 purple draconians
  5 red draconians
  13 white draconians
  A lorocyproca (Depths:1)
  11 yellow draconians
  14 merfolk impalers
  6 deep elf death magi
  13 ettins
  2 green deaths (Depths:1)
  2 crystal guardians (D:15)
  4 merfolk javelineers
  13 yaktaur captains
  5 entropy weavers
  5 deep elf high priests
  A great orb of eyes (shapeshifter) (Vaults:5)
  6 fire dragons
  10 great orbs of eyes
  An ogre mage (D:13)
  3 rakshasas
  28 vault guards
  16 hydras
  2 ice dragons
  A caustic shrike simulacrum (IceCv)
  Erica (Lair:1)
  3 merfolk avatars
  A merfolk aquamancer (Shoals:3)
  A salamander tyrant (Snake:4)
  6 spriggan air magi
  3 catoblepae
  A death knight (Vaults:3)
  2 demonspawn (Orc:2)
  2 hell beasts
  A peacekeeper (Vaults:2)
  11 ironbound frosthearts
  14 centaur warriors
  6 satyrs
  14 anacondas
  4 boulder beetles
  26 dancing weapons
  7 deep troll shamans
  A death scarab (Depths:1)
  7 two-headed ogres
  8 tengu warriors
  An alligator (shapeshifter) (Vaults:5)
  8 death yaks (Depths:3)
  7 naga warriors
  An alligator snapping turtle (Shoals:3)
  12 spriggan berserkers
  4 deep troll earth magi
  9 naga sharpshooters
  5 orc high priests
  Sonja (Lair:4)
  5 shock serpents
  18 deep elf knights
  A sun demon (Depths:2)
  7 iron trolls
  Amaemon (Lair:3)
  8 hell knights
  6 spriggan druids (Depths:3)
  8 salamander mystics
  3 sixfirhies
  52 deep trolls
  A flayed ghost (Depths:1)
  3 glowing orange brains
  A kraken simulacrum (Shoals:4)
  7 naga ritualists
  10 sea snakes
  16 deep elf archers
  4 orange crystal statues
  A death drake (Zot:4)
  An obsidian statue (Zot:5)
  A swamp dragon (Zot:4)
  20 ironbound convokers
  7 wizards
  32 deep elf zephyrmancers
  3 phantasmal warriors (Vaults:5)
  3 necromancers
  A wolf spider (Gauntlet)
  14 lindwurms
  23 orc knights
  22 deep elf pyromancers
  13 harpies
  11 mana vipers
  34 ugly things
  10 orc sorcerers
  16 manticores
  15 fauns
  8 shining eyes
  2 oklob plants (Lair:4)
  10 cyclopes
  28 salamanders
  27 moths of wrath
  17 elephants (Lair:5)
  28 black mambas
  Joseph (D:10)
  11 merfolk sirens
  13 naga magi
  A rust devil (Depths:1)
  9 guardian serpents
  3 orange demons
  5 torpor snails (Lair:5)
  3 molten gargoyles
  4 eyes of devastation
  24 vault sentinels
  6 water nymphs
  A gargoyle (Gauntlet)
  8 cane toads
  2 smoke demons
  A kobold demonologist (D:13)
  3 rime drakes
  12 komodo dragons
  A cane toad (shapeshifter) (D:15)
  An ice devil (Zot:4)
  A spectral water nymph (Shoals:1)
  7 tengu conjurers
  9 freezing wraiths
  43 yaktaurs
  2 spectral merfolk (Shoals:1)
  A golden dragon simulacrum (IceCv)
  An anaconda simulacrum (IceCv)
  A hellwing (Depths:2)
  21 merfolk
  2 red devils
  A spectral harpy (Shoals:1)
  25 hornets
  5 wind drakes
  10 polar bears
  3 trolls
  Prince Ribbit (D:8)
  An ettin zombie (Vaults:3)
  2 human skeletons (Vaults:3)
  4 blink frogs (Lair:2)
  A spectral manticore (Shoals:1)
  105 slime creatures
  4 tyrant leeches (Lair:5)
  6 snapping turtles
  2 culicivoras (Vaults:2)
  2 air elementals (Elf:1)
  A culicivora (shapeshifter) (Vaults:5)
  55 yaks
  44 spriggans
  A vampire (D:11)
  3 wraiths
  11 water elementals
  3 shadows
  2 dire elephant simulacra (IceCv)
  An alligator snapping turtle simulacrum (Shoals:1)
  2 wyverns
  A golden eye (Slime:1)
  3 fire elementals
  3 basilisks
  3 steam dragons
  6 vampire mosquitoes
  A chaos spawn (Orc:2)
  8 redbacks
  A swamp worm (shapeshifter) (Vaults:5)
  7 wargs
  11 water moccasins
  2 acid dragons
  2 harpy simulacra (IceCv)
  39 nagas
  5 hell hounds (Depths:1)
  A spectral snapping turtle (Shoals:1)
  A floating eye (Zot:2)
  5 swamp drakes (Lair:5)
  An ice beast (D:7)
  39 orc warriors
  5 ettin simulacra (IceCv)
  7 ogres
  7 black bears (Lair:2)
  7 boggarts
  8 centaurs
  A wind drake simulacrum (Shoals:1)
  15 wolves
  A phantom (D:6)
  5 kobold brigands
  6 necrophages
  6 bullfrogs
  A merfolk simulacrum (Shoals:1)
  A gnoll sergeant (D:8)
  2 wyvern zombies (Ossuary)
  2 scorpions
  2 earth elementals
  3 water moccasin zombies (Ossuary)
  14 wights
  9 killer bees
  2 lindwurm simulacra (IceCv)
  A manticore simulacrum (Shoals:1)
  A snapping turtle simulacrum (Shoals:1)
  A howler monkey (D:3)
  2 electric eels
  3 centaur zombies (Ossuary)
  10 lava snakes
  7 bullfrog zombies (Ossuary)
  9 hounds
  37 orc priests
  A gnoll bouda (D:6)
  5 jellies
  An iguana (shapeshifter) (Vaults:5)
  5 iguanas
  6 hell rats (Lair:1)
  19 orc wizards
  5 killer bee zombies (Ossuary)
  14 mummies
  9 gnolls
  15 river rats
  12 adders
  4 shadow imps
  A white imp (D:8)
  2 ufetubi
  7 worms
  4 dart slugs
  85 orcs
  7 ball pythons
  6 endoplasms
  3 giant cockroaches
  4 goblins
  8 hobgoblins
  5 jackals
  17 kobolds
  12 quokkas
  A bat (D:2)
  A frilled lizard (D:1)
  23 rats
  A fire vortex (Hell)
  2 tentacles (Shoals:4)
2372 creatures vanquished.

Vanquished Creatures (others)
  The ghost of bande the Severer, an adept GrFi of Okawaru (Shoals:1)
  A spriggan air mage (Depths:3)
  A vampire mage (Vaults:3)
  2 deep elf knights (Elf:1)
  A spriggan druid (Depths:3)
  A deep troll (Depths:3)
  A wizard (Depths:3)
  A deep elf pyromancer (Elf:1)
  A deep elf zephyrmancer (Elf:2)
  A tengu conjurer (Depths:3)
  A hornet (Depths:3)
  A spriggan (Depths:3)
  3 humans (Snake:3)
  A fire elemental (Elf:3)
  A naga (Snake:4)
  2 boggarts
  A lava snake (Snake:3)
  2 orc wizards
  An orc (Depths:3)
  2 bushes
  A butterfly (D:13)
  A creeping inferno (Hell)
  19 fungi
  126 plants
  6 tentacles (Shoals:4)
  3 withered plants (Ossuary)
182 creatures vanquished.

Grand Total: 2554 creatures vanquished

Notes
Turn   | Place    | Note
-------+----------+-------------------------------------------
     0 | D:1      | cforsyth the Troll Fighter began the quest for the Orb.
     0 | D:1      | Reached XP level 1. HP: 22/22 MP: 0/0
   143 | D:1      | Reached XP level 2. HP: 29/29 MP: 1/1
   143 | D:1      | Found a faded altar of an unknown god.
   817 | D:2      | Reached XP level 3. HP: 36/36 MP: 2/2
  1340 | D:3      | Reached skill level 3 in Unarmed Combat
  1343 | D:3      | Reached XP level 4. HP: 32/45 MP: 3/3
  1497 | D:3      | Found a sacrificial altar of Ru.
  1519 | D:3      | Reached XP level 5. HP: 52/53 MP: 4/4
  1859 | D:4      | Reached skill level 4 in Unarmed Combat
  1988 | D:4      | Reached XP level 6. HP: 59/61 MP: 5/5
  2144 | D:4      | Found a glowing drain.
  2169 | Sewer    | Entered a sewer
  2440 | Sewer    | Reached skill level 5 in Unarmed Combat
  2487 | Sewer    | Reached XP level 7. HP: 60/68 MP: 6/6
  2836 | D:4      | Found an iron altar of Okawaru.
  2919 | D:4      | Identified the +1 dagger of the Hall of Blades {flame,
                  | *Noise Fly Dex+5}
  3281 | D:5      | Entered Level 5 of the Dungeon
  3287 | D:5      | Found a blossoming altar of Fedhas.
  3309 | D:5      | Reached skill level 6 in Unarmed Combat
  3362 | D:5      | Found a staircase to the Ecumenical Temple.
  3377 | Temple   | Entered the Ecumenical Temple
  3385 | Temple   | Became a worshipper of the Wu Jian Council
  3935 | D:5      | Reached skill level 5 in Shields
  3935 | D:5      | Reached XP level 8. HP: 50/79 MP: 4/7
  4180 | D:5      | Reached skill level 7 in Unarmed Combat
  4189 | D:5      | Reached * piety under Wu Jian
  4626 | D:6      | Reached skill level 5 in Fighting
  4731 | D:6      | Found a shadowy altar of Dithmenos.
  4757 | D:6      | Reached skill level 8 in Unarmed Combat
  4884 | D:6      | Reached ** piety under Wu Jian
  4885 | D:6      | Reached XP level 9. HP: 88/88 MP: 8/8
  5050 | D:6      | Found Mannuph's General Store.
  5066 | D:6      | Bought a potion of curing for 42 gold pieces
  5066 | D:6      | Bought a scroll of identify for 28 gold pieces
  5066 | D:6      | Bought a scroll of identify for 28 gold pieces
  5066 | D:6      | Bought a potion of degeneration for 14 gold pieces
  5298 | D:7      | Found a shimmering altar of Xom.
  5338 | D:7      | Found a sand-covered staircase.
  5347 | Ossuary  | Entered an ossuary
  5370 | Ossuary  | Reached skill level 9 in Unarmed Combat
  5672 | Ossuary  | Reached *** piety under Wu Jian
  5770 | D:7      | Reached skill level 10 in Unarmed Combat
  5810 | D:7      | HP: 3/91 [poisoned by a killer bee]
  5811 | D:7      | HP: 1/91 [poisoned by a killer bee]
  6024 | D:7      | Reached XP level 10. HP: 96/100 MP: 7/9
  6472 | D:8      | Found a snail-covered altar of Cheibriados.
  6565 | D:8      | Found a glowing golden altar of the Shining One.
  6565 | D:8      | Found a white marble altar of Elyvilon.
  6566 | D:8      | Found a radiant altar of Vehumet.
  6716 | D:8      | Reached **** piety under Wu Jian
  6764 | D:8      | Found a sparkling altar of Nemelex Xobeh.
  6764 | D:8      | Found a stormy altar of Qazlal.
  6820 | D:8      | Reached skill level 11 in Unarmed Combat
  7008 | D:8      | Noticed Prince Ribbit
  7015 | D:8      | Killed Prince Ribbit
  7289 | D:9      | Noticed a two-headed ogre
  7295 | D:9      | Killed a two-headed ogre
  7347 | D:9      | Found a burning altar of Makhleb.
  7356 | D:9      | Found Feeruy's Armour Shop.
  7365 | D:9      | Bought a +1 cloak of preservation for 214 gold pieces
  7748 | D:10     | Entered Level 10 of the Dungeon
  7761 | D:10     | Reached skill level 12 in Unarmed Combat
  7810 | D:10     | Noticed a centaur warrior
  7887 | D:10     | Killed a centaur warrior
  7888 | D:10     | Reached XP level 11. HP: 69/109 MP: 6/10
  8032 | D:10     | Noticed Joseph
  8039 | D:10     | Killed Joseph
  8115 | D:10     | Found a staircase to the Orcish Mines.
  8243 | D:10     | Found Kiafiugulu's Assorted Antiques.
  8566 | D:10     | Noticed a two-headed ogre
  8576 | D:10     | Killed a two-headed ogre
  9078 | D:11     | Found a gate leading to a gauntlet.
  9092 | Gauntlet | Entered a Gauntlet
  9092 | Gauntlet | Found a runed translucent gate.
  9092 | Gauntlet | Found a transporter.
  9092 | Gauntlet | Found a runed translucent gate.
  9092 | Gauntlet | Found a runed translucent gate.
  9092 | Gauntlet | Found a transporter.
  9102 | Gauntlet | Found a transporter.
  9106 | Gauntlet | Found a transporter.
  9108 | Gauntlet | Noticed a catoblepas
  9114 | Gauntlet | Found a transporter.
  9118 | Gauntlet | Found a transporter.
  9120 | Gauntlet | Noticed a dire elephant
  9126 | Gauntlet | Found a transporter.
  9142 | Gauntlet | Found a transporter.
  9148 | Gauntlet | Noticed a wolf spider
  9157 | Gauntlet | Found a transporter.
  9160 | Gauntlet | Found a transporter.
  9162 | Gauntlet | Noticed a tengu warrior
  9168 | Gauntlet | Found a transporter.
  9172 | Gauntlet | Found a transporter.
  9413 | Gauntlet | Reached skill level 13 in Unarmed Combat
  9609 | Gauntlet | Killed a catoblepas
  9806 | Gauntlet | Killed a wolf spider
  9976 | Gauntlet | Noticed a minotaur
  9986 | Gauntlet | Killed a minotaur
 10107 | D:11     | Reached ***** piety under Wu Jian
 10195 | D:11     | Noticed a fire dragon
 10201 | D:11     | Killed a fire dragon
 10589 | D:11     | Reached XP level 12. HP: 122/122 MP: 11/11
 10600 | D:11     | Found a staircase to the Lair.
 10680 | D:11     | Reached skill level 14 in Unarmed Combat
 10732 | D:12     | You fall into a shaft and drop 3 floors!
 10732 | D:15     | Entered Level 15 of the Dungeon
 10751 | D:15     | Noticed Jorgrun
 10766 | D:15     | Killed Jorgrun
 10855 | D:15     | Found a runed translucent door.
 11090 | D:13     | Found a white marble altar of Elyvilon.
 11432 | D:12     | Reached skill level 10 in Shields
 11469 | D:12     | Noticed a boulder beetle
 11493 | D:12     | Killed a boulder beetle
 11584 | D:12     | Identified the +1 robe of Hedge Wizardry {rN+}
 12087 | D:13     | Noticed a two-headed ogre
 12088 | D:13     | Noticed a two-headed ogre
 12089 | D:13     | Noticed an ogre mage
 12094 | D:13     | Killed a two-headed ogre
 12106 | D:13     | HP: 1/123 [freezing wraith (17)]
 12538 | Lair:1   | Entered Level 1 of the Lair of Beasts
 12582 | Lair:1   | Reached skill level 15 in Unarmed Combat
 13099 | Lair:1   | Noticed Gastronok
 13110 | Lair:1   | Killed Gastronok
 13189 | Lair:1   | Noticed Erica
 13202 | Lair:1   | Killed Erica
 13203 | Lair:1   | Reached XP level 13. HP: 85/132 MP: 5/12
 13766 | Lair:2   | Reached skill level 10 in Fighting
 13842 | Lair:2   | Found a staircase to the Snake Pit.
 14270 | Lair:2   | Found a staircase to the Shoals.
 14532 | Lair:3   | Reached skill level 16 in Unarmed Combat
 14733 | Lair:3   | Reached skill level 5 in Dodging
 15337 | Lair:3   | Reached ****** piety under Wu Jian
 15382 | Lair:3   | Noticed Amaemon
 15397 | Lair:3   | Killed Amaemon
 16215 | Lair:4   | Found a blossoming altar of Fedhas.
 16375 | Lair:4   | Noticed Sonja
 16382 | Lair:4   | Killed Sonja
 17007 | Lair:5   | Entered Level 5 of the Lair of Beasts
 17040 | Lair:5   | Reached XP level 14. HP: 117/144 MP: 10/13
 17172 | Lair:5   | Reached skill level 17 in Unarmed Combat
 18047 | Lair:5   | Found a staircase to the Slime Pits.
 18179 | Lair:5   | Found a runed translucent door.
 19269 | Orc:1    | Entered Level 1 of the Orcish Mines
 19320 | Orc:1    | Paralysed by an orc sorcerer for 5 turns
 19492 | Orc:2    | Entered Level 2 of the Orcish Mines
 19843 | Orc:2    | Found a staircase to the Elven Halls.
 19888 | Orc:2    | Found Yduutz's Jewellery Emporium.
 20025 | Orc:2    | Found Giurhyt's Vocational Training.
 20413 | Orc:2    | Found Zushrong's General Store.
 20414 | Orc:2    | Found Uleptuvu's General Store.
 20620 | Orc:2    | Reached skill level 18 in Unarmed Combat
 20792 | Orc:2    | Reached XP level 15. HP: 17/148 MP: 2/14
 21060 | Orc:2    | Bought a scroll of acquirement for 832 gold pieces
 21060 | Orc:2    | Acquired the +8 gold dragon scales of Foolhardiness {rPois
                  | rF+ rC+ Int+3 Dex+3}
 21660 | Orc:2    | Found Nabluis's Jewellery Emporium.
 21660 | Orc:2    | Found Liteb's Antique Armour Shoppe.
 21661 | Orc:2    | Found a one-way gate leading to the halls of Pandemonium.
 22543 | D:13     | Found a gate to the Vaults.
 23179 | D:14     | Noticed Frances
 23182 | D:14     | Killed Frances
 24219 | D:15     | Found a staircase to the Depths.
 24230 | D:15     | Acquired the +18 shield of the Gong {rElec rN+ Will+ EV-5}
 24230 | D:15     | Found the +18 shield of the Gong {rElec rN+ Will+ EV-5}
 24369 | D:15     | Noticed Nessos
 25016 | D:15     | Killed Nessos
 25786 | Snake:1  | Entered Level 1 of the Snake Pit
 25833 | Snake:1  | Reached skill level 19 in Unarmed Combat
 26512 | Snake:1  | Found Epsattar's Jewellery Shop.
 27112 | Snake:2  | Reached XP level 16. HP: 156/165 MP: 13/15
 27435 | Snake:2  | Identified the +1 robe of Narcissism {Str+5 Stlth+}
 28414 | Snake:3  | Reached skill level 20 in Unarmed Combat
 28418 | Snake:3  | Noticed Kirke
 28432 | Snake:3  | Killed Kirke
 29269 | Snake:4  | Entered Level 4 of the Snake Pit
 29463 | Snake:4  | Reached skill level 1 in Armour
 29861 | Snake:4  | Noticed Vashnia
 29881 | Snake:4  | Killed Vashnia
 30156 | Snake:4  | Reached XP level 17. HP: 175/176 MP: 16/16
 30532 | Snake:4  | Got a serpentine rune of Zot
 30906 | Shoals:1 | Entered Level 1 of the Shoals
 30955 | Shoals:1 | Reached skill level 21 in Unarmed Combat
 31048 | Shoals:1 | Found Fooskob's Assorted Antiques.
 31071 | Shoals:1 | Identified the +2 leather armour of Hedging {+Inv rN+++
                  | Will- Dex-2}
 31195 | Shoals:1 | Found a runed translucent gate.
 31195 | Shoals:1 | Found a runed translucent gate.
 31195 | Shoals:1 | Found a runed translucent gate.
 31197 | Shoals:1 | Noticed bande's ghost (adept GrFi)
 31408 | Shoals:1 | Reached skill level 5 in Armour
 31719 | Shoals:1 | Killed bande's ghost
 31720 | Shoals:1 | Reached skill level 1 in Spellcasting
 31730 | Shoals:1 | Identified the +7 flail of the Freezing Mosquito {vorpal,
                  | rPois Dex+4}
 31841 | Shoals:2 | Found a frozen archway.
 31845 | IceCv    | Entered an ice cave
 32456 | IceCv    | Identified the +0 fire dragon scales "Lisifo" {*Corrode
                  | rElec rPois rF++ rC- Str+8}
 33083 | Shoals:3 | Identified the +1 leather armour "Uxaaffot" {rC- Regen+
                  | rCorr}
 33183 | Shoals:3 | Reached skill level 1 in Earth Magic
 33226 | Shoals:3 | Reached skill level 1 in Transmutations
 34084 | Shoals:4 | Entered Level 4 of the Shoals
 34506 | Shoals:3 | Reached XP level 18. HP: 146/185 MP: 21/21
 34939 | Shoals:4 | Reached skill level 5 in Earth Magic
 35371 | Shoals:4 | Reached skill level 5 in Transmutations
 35374 | Shoals:4 | Got a barnacled rune of Zot
 35971 | Elf:1    | Entered Level 1 of the Elven Halls
 36036 | Elf:1    | Noticed Aizul
 36055 | Elf:1    | Killed Aizul
 36304 | Elf:1    | Paralysed by an air elemental for 1 turns
 36388 | Elf:1    | Found Xahuduho's Assorted Antiques.
 36396 | Elf:1    | Bought a scroll of blinking for 195 gold pieces
 36396 | Elf:1    | Bought a potion of heal wounds for 130 gold pieces
 36651 | Elf:1    | Found a radiant altar of Vehumet.
 37558 | Elf:2    | Found a runed translucent gate.
 37558 | Elf:2    | Found a runed translucent gate.
 37559 | Elf:2    | Found a runed translucent gate.
 37746 | Elf:2    | Found Inovvapp's Jewellery Shoppe.
 37755 | Elf:2    | Found Best's Book Shop.
 37756 | Elf:2    | Found Mamim Idyj's Jewellery Shoppe.
 37770 | Elf:2    | Bought the amulet of the Komtur {Reflect rC+ SH+5} for 572
                  | gold pieces
 38774 | Elf:2    | Reached XP level 19. HP: 180/193 MP: 22/22
 39220 | Elf:3    | Entered Level 3 of the Elven Halls
 39665 | Elf:3    | Noticed a Brimstone Fiend
 40561 | Elf:3    | Reached skill level 10 in Earth Magic
 41029 | Elf:3    | Found a shimmering blue altar of Sif Muna.
 41714 | Elf:3    | Gained mutation: You are dopey. (Int -2) [a neqoxec]
 42085 | Elf:3    | Identified the +8 morningstar of the Teaching Visionary
                  | {pain, Will+}
 42085 | Elf:3    | Identified the ring "Weniafoaf" {EV+4 Int+4 Slay+3 Stlth+}
 42116 | Elf:3    | Identified the amulet "Ahiuvvo" {RegenMP rC++ rN+ Str+3}
 42616 | Vaults:1 | Entered Level 1 of the Vaults
 43365 | Vaults:1 | Identified the +0 arbalest of the Feather {elec, rC++ rN+
                  | Int+3}
 43448 | Vaults:1 | Noticed Nikola
 43470 | Vaults:1 | Killed Nikola
 43615 | Vaults:1 | Found a large runed translucent door.
 43615 | Vaults:1 | Found a large runed translucent door.
 43616 | Vaults:1 | Noticed Joetwoph's ghost (veteran OgTm)
 44352 | Vaults:2 | Found Edghipni's Magic Scroll Boutique.
 44399 | Vaults:2 | Reached skill level 10 in Transmutations
 44479 | Vaults:2 | Reached XP level 20. HP: 194/202 MP: 23/23
 44601 | Vaults:2 | Found Rucim's Distillery.
 44801 | Vaults:2 | Found Woopsar's Jewellery Shoppe.
 44992 | Vaults:2 | Acquired 902 gold pieces
 44996 | Vaults:2 | Identified the +9 long sword of the Eel {vorpal, rCorr
                  | Int+5}
 45253 | Vaults:2 | Found a transporter.
 45269 | Vaults:2 | Noticed a golden dragon
 45272 | Vaults:2 | Noticed krigyl's ghost (adept AtFi)
 45283 | Vaults:2 | Found a transporter.
 45288 | Vaults:2 | Found Poxt's Weapon Emporium.
 45758 | Vaults:2 | Found Gellul's Distillery.
 46878 | Vaults:3 | Got the Atlas of Hubris
 46930 | Vaults:3 | Noticed Xtahua
 46946 | Vaults:3 | Killed Xtahua
 47196 | Vaults:3 | Reached XP level 21. HP: 210/210 MP: 24/24
 47212 | Vaults:3 | Identified the +0 scale mail of Vuzong {+Blink rN++}
 47398 | Vaults:3 | Found a staircase to the Crypt.
 48315 | Vaults:4 | Reached skill level 15 in Earth Magic
 49296 | Vaults:5 | Entered Level 5 of the Vaults
 49519 | Depths:1 | Entered Level 1 of the Depths
 49522 | Depths:1 | Identified the ring "Otylutt" {rPois rC- Will++ Str-3 SInv}
 50208 | Depths:1 | Found a corrupted altar of Lugonu.
 50210 | Depths:1 | Found a one-way gate to the infinite horrors of the Abyss.
 50526 | Depths:1 | Found a gateway to Hell.
 53350 | Depths:1 | Reached XP level 22. HP: 223/223 MP: 25/25
 53351 | Depths:1 | Reached XP level 23. HP: 232/232 MP: 26/26
 53759 | Depths:1 | Reached skill level 22 in Unarmed Combat
 54423 | Depths:2 | Found Minoxiff's Jewellery Emporium.
 54424 | Depths:2 | Found Uricun's Antique Armour Shop.
 54425 | Depths:2 | Found Uqism's Assorted Antiques.
 54599 | Depths:2 | Got the Parchment of Rank Malediction
 56045 | Depths:3 | Reached skill level 10 in Armour
 56121 | Depths:3 | Found a one-way gateway to a ziggurat.
 56264 | Depths:3 | Found a bloodstained altar of Trog.
 56364 | Depths:3 | Reached skill level 15 in Fighting
 56599 | Depths:3 | Identified the +10 giant club of Intimidation {spect, *Slow
                  | Will+ Str+3}
 56599 | Depths:3 | Identified the +6 giant club "Qotaquqa" {venom, *Rage rElec
                  | Int+3 Dex+6}
 56811 | Depths:3 | Noticed Saint Roka
 56821 | Depths:3 | Killed Saint Roka
 56822 | Depths:3 | Identified the +11 giant club of Socon {venom, Will- Int+5
                  | Dex+5}
 56822 | Depths:3 | Identified the +0 giant club of Ygavoif {flame, Int+4}
 56859 | Depths:3 | Noticed the Enchantress
 56868 | Depths:3 | Killed the Enchantress
 56993 | Depths:3 | Identified the +2 cloak of the Meadowlark {Int+4 Dex+7}
 57411 | Depths:4 | Entered Level 4 of the Depths
 58634 | Depths:4 | Found a gate to the Realm of Zot.
 58657 | Depths:4 | Found a runed translucent door.
 58660 | Depths:4 | Noticed Gumoc's ghost (adept SpAK)
 59066 | Depths:4 | Killed Gumoc's ghost
 59555 | D:15     | Identified the +7 shortbow "Riammy" {elec, *Corrode rF+
                  | Will+ Str+7}
 59688 | Vaults:1 | Killed Joetwoph's ghost
 59904 | Vaults:2 | Reached skill level 23 in Unarmed Combat
 59917 | Vaults:2 | Killed krigyl's ghost
 60285 | Slime:1  | Entered Level 1 of the Pits of Slime
 60291 | Slime:1  | Gained mutation: You occasionally lose the ability to drink
                  | potions when taking damage. [a shining eye]
 60293 | Slime:1  | Gained mutation: You occasionally shout uncontrollably at
                  | your foes. [a shining eye]
 60297 | Slime:1  | Gained mutation: You are clumsy. (Dex -2) [a shining eye]
 60617 | Slime:1  | Reached XP level 24. HP: 196/248 MP: 4/26
 60861 | Slime:2  | Gained mutation: Your body sometimes deteriorates upon
                  | taking damage. [a shining eye]
 60884 | Slime:2  | Gained mutation: You sometimes lose your temper in combat.
                  | [a shining eye]
 62989 | Slime:4  | Gained mutation: Your spells are a little easier to cast,
                  | but a little less powerful. [a shining eye]
 63954 | Slime:5  | Entered Level 5 of the Pits of Slime
 63989 | Slime:5  | Noticed the Royal Jelly
 66690 | Slime:5  | Killed the Royal Jelly
 66691 | Slime:5  | Reached skill level 24 in Unarmed Combat
 68788 | Slime:5  | Got the Excursus on Venin and Coordinates
 68795 | Slime:5  | Identified the +9 battleaxe of Tartarus {venom, *Rage rC-
                  | rN+++ Will+++}
 68830 | Slime:5  | Got Oqufuukh's Handbook of the Dimensional Rocks
 68861 | Slime:5  | Got the Quarto of Metamorphic Striking
 68888 | Slime:5  | Identified the ring "Wonue" {Ice rElec}
 68905 | Slime:5  | Got a slimy rune of Zot
 68915 | Slime:5  | Acquired 906 gold pieces
 69494 | Vaults:5 | HP: 10/251 [deep elf death mage/bolt of negative energy
                  | (4)]
 69657 | Vaults:5 | Noticed a dread lich
 69668 | Vaults:5 | Killed a dread lich
 70080 | Vaults:5 | Noticed a dread lich
 70083 | Vaults:5 | Killed a dread lich
 70103 | Vaults:5 | Reached XP level 25. HP: 118/263 MP: 26/26
 70107 | Vaults:5 | Noticed an ancient lich
 70410 | Vaults:5 | Reached skill level 25 in Unarmed Combat
 70540 | Vaults:5 | Killed an ancient lich
 71003 | Vaults:5 | Got the Directory of the Escort
 71592 | Vaults:5 | Got the Vademecum on the Tesseract and the Zephyr
 71686 | Vaults:5 | Got a silver rune of Zot
 72144 | Hell     | Entered the Vestibule of Hell
 72144 | Hell     | Noticed Geryon
 72537 | Zot:1    | Entered Level 1 of the Realm of Zot
 72855 | Depths:4 | Lost mutation: You occasionally shout uncontrollably at
                  | your foes. [potion of mutation]
 72855 | Depths:4 | Lost mutation: You sometimes lose your temper in combat.
                  | [potion of mutation]
 72856 | Depths:4 | Lost mutation: Your body sometimes deteriorates upon taking
                  | damage. [potion of mutation]
 72856 | Depths:4 | Lost mutation: You are clumsy. (Dex -2) [potion of
                  | mutation]
 72856 | Depths:4 | Gained mutation: Armour fits poorly on your strangely
                  | shaped body. [potion of mutation]
 72856 | Depths:4 | Lost mutation: You are dopey. (Int -2) [potion of mutation]
 72856 | Depths:4 | Gained mutation: You are weak. (Str -2) [potion of
                  | mutation]
 72857 | Depths:4 | Lost mutation: Armour fits poorly on your strangely shaped
                  | body. [potion of mutation]
 72857 | Depths:4 | Lost mutation: Your spells are a little easier to cast, but
                  | a little less powerful. [potion of mutation]
 72857 | Depths:4 | Gained mutation: You passively map a small area around you.
                  | [potion of mutation]
 72857 | Depths:4 | Gained mutation: You are partially covered in large bone
                  | plates. (SH +4) [potion of mutation]
 72857 | Depths:4 | Gained mutation: Your spells are a little easier to cast,
                  | but a little less powerful. [potion of mutation]
 72858 | Depths:4 | Lost mutation: Your spells are a little easier to cast, but
                  | a little less powerful. [potion of mutation]
 72858 | Depths:4 | Lost mutation: You are partially covered in large bone
                  | plates. (SH +4) [potion of mutation]
 72858 | Depths:4 | Lost mutation: You occasionally lose the ability to drink
                  | potions when taking damage. [potion of mutation]
 72858 | Depths:4 | Gained mutation: You are robust. (+10% HP) [potion of
                  | mutation]
 73289 | Zot:1    | HP: 12/293 [death cob (7)]
 74572 | Zot:1    | Found the ring of the Octopus King {rC+ HP+2 AC+2 EV+2
                  | SH+2}
 74573 | Zot:1    | Found a transporter.
 74573 | Zot:1    | Found a transporter.
 74994 | Zot:2    | Noticed an orb of fire
 75095 | Zot:2    | Gained mutation: Your spells are a little easier to cast,
                  | but a little less powerful. [an orb of fire]
 75101 | Zot:2    | Gained mutation: You passively dampen the noise of your
                  | surroundings. [an orb of fire]
 75102 | Zot:2    | Killed an orb of fire
 75103 | Zot:2    | Reached skill level 26 in Unarmed Combat
 76053 | Zot:2    | Noticed Grunn
 76716 | Zot:1    | Killed Grunn
 77122 | Zot:2    | Noticed a dread lich
 77132 | Zot:2    | Killed a dread lich
 77147 | Zot:2    | Reached XP level 26. HP: 307/309 MP: 26/26
 77198 | Zot:2    | Identified the amulet "Ibej" {Spirit +Blink Int+5}
 77261 | Zot:2    | Noticed a dread lich
 77275 | Zot:2    | Killed a dread lich
 77277 | Zot:2    | Noticed a dread lich
 77855 | Zot:2    | Noticed a dread lich
 77859 | Zot:2    | Noticed a dread lich
 77859 | Zot:2    | Noticed a dread lich
 77872 | Zot:2    | Killed a dread lich
 78137 | Zot:1    | Killed a dread lich
 78428 | Zot:1    | Killed a dread lich
 78552 | Zot:2    | Killed a dread lich
 78880 | Zot:2    | Reached skill level 27 in Unarmed Combat
 80851 | Zot:3    | Noticed Parghit
 80878 | Zot:3    | Killed Parghit
 82572 | Zot:4    | Got A Primer on Witchcraft
 82576 | Zot:4    | Identified the +12 morningstar of Responsibility {vorpal,
                  | rC- rCorr Stlth+}
 82739 | Zot:5    | Entered Level 5 of the Realm of Zot
 82744 | Zot:5    | Learned a level 2 spell: Wereblood
 82747 | Zot:5    | Learned a level 2 spell: Passwall
 82927 | Zot:5    | Noticed an orb of fire
 82928 | Zot:5    | Noticed an ancient lich
 82928 | Zot:5    | Noticed an orb of fire
 82929 | Zot:5    | Gained mutation: Your magical capacity is low. (-10% MP)
                  | [an orb of fire]
 82930 | Zot:5    | Gained mutation: Your body sometimes deteriorates upon
                  | taking damage. [an orb of fire]
 83859 | Zot:5    | Noticed a dread lich
 83879 | Zot:5    | Killed a dread lich
 84157 | Zot:5    | Killed an orb of fire
 84158 | Zot:5    | Reached XP level 27. HP: 278/332 MP: 24/24
 84359 | Zot:5    | Noticed an ancient lich
 84363 | Zot:5    | Noticed an orb of fire
 84366 | Zot:5    | Noticed an orb of fire
 84369 | Zot:5    | Killed an orb of fire
 84369 | Zot:5    | Killed an ancient lich
 84387 | Zot:5    | Gained mutation: You are clumsy. (Dex -2) [an orb of fire]
 84513 | Zot:5    | Killed an ancient lich
 84513 | Zot:5    | Killed an orb of fire
 84520 | Zot:5    | Killed an orb of fire
 85200 | Zot:5    | Got the Orb of Zot
 85903 | D:$      | Escaped with the Orb!

Illustrated notes

Levels and vault maps discovered:
D:1:      pf_arrival_petrified_forest, layout_basic,
          hellmonk_ecumenical_altar_arch_garden
D:2:      layout_loops_cross
D:3:      layout_basic, nicolae_ru_great_annihilating_truth, serial_bayou,
          serial_bayou_shore_a, serial_bayou_pond_c, serial_bayou_pond_c,
          serial_bayou_shore_b, corexii_corridor_pit
D:4:      layout_loops_ring, mainiacjoe_overflow_24_doors,
          cheibrodos_sewer_entry_drain
D:5:      lemuel_ratsnest, layout_basic, fedhas_altar_2,
          minmay_temple_entry_proselytizer
D:6:      layout_loops_ring, mainiacjoe_overflow_alcove_2, serial_shops,
          nicolae_shop_advertising_works [nicolae_subvault_shop_adworks],
          st_stairs_6
D:7:      layout_cave_pools, xom_butterflies, gup_ossuary_entry_pyramid,
          minmay_unpleasant_kobolds
D:8:      layout_basic, chequers_temple_overflow_statue_of_worship,
          slow_altar_2, gammafunk_temple_overflow_forgotten, uniq_prince_ribbit1
D:9:      layout_irregular_city, bloody_makhleb, serial_shops, shop,
          kennysheep_potato
D:10:     layout_grid_maze, minmay_orc_entry_guard_dogs, serial_shops,
          shop_fountains, st_stairs_8, uniq_joseph
D:11:     layout_basic, lair_entry_dummy, gauntlet_entry_generic
D:12:     layout_long_grid
D:13:     layout_grid_maze, david_vaults_2, nicolae_elyvilon_peaceful_grove
D:14:     layout_roguey, minivault_11, nicolae_two_hexagons, uniq_frances
D:15:     hangedman_depths_entry_try_elsewhere_first, layout_layer_cave,
          chequers_decorated_corner, minmay_crystal_box, uniq_nessos,
          uniq_jorgrun
Temple:   eino_temple_lava
Lair:1:   layout_cave_shapes, minivault_23, grunt_megastairs_3,
          lemuel_fruit_tree, uniq_erica, uniq_gastronok
Lair:2:   beast_lair_carwin_large_4, layout_regular_city,
          minmay_shoals_entry_hut, guppyfry_snake_entry_island
Lair:3:   cheibrodos_magma_flow, layout_chaotic_city, roderic_carrion_pond,
          uniq_amaemon
Lair:4:   layout_small_grid, hangedman_tree_tricks, uniq_sonja
Lair:5:   wormcave, layout_gridlike, dpeg_slime_entry_enclosed, pond
Shoals:1: layout_shoals, serial_shops, nicolae_shop_statue_plus,
          gammafunk_ghost_necromancy, nicolae_shoals_spring_well_temple
Shoals:2: layout_shoals, portal_ice_cave_entry_pillars_four
Shoals:3: layout_shoals, nicolae_shoals_water_booths
Shoals:4: shoals_end_grunt_ice, layout_shoals
Snake:1:  layout_rooms, serial_shops, nicolae_shop_behind_doors, drop_trap,
          library_closet, st_stairs_1
Snake:2:  nrook_guardian_serpent_snake_passage, layout_onion_interference
Snake:3:  layout_basic, uniq_kirke
Snake:4:  johnstein_snake_rune_scales, layout_basic
Slime:1:  layout_caves, cheibrodos_slime_lost_civilization_7
Slime:2:  layout_caves
Slime:3:  layout_caves, nicolae_slime_barrier
Slime:4:  layout_caves
Slime:5
Orc:1:    layout_caves
Orc:2:    pf_orc_diabolical, layout_diamond_mine, serial_shops, shop,
          basic_altar, nicolae_shop_vocational
Elf:1:    eino_elf_arrival_customs, layout_gridlike, serial_shops,
          nicolae_lakefront_shop, basic_altar, hangedman_corner_corridor,
          uniq_aizul
Elf:2:    nicolae_elf_blades_splatter_lattice
          [nicolae_blade_entry_crossed_weapons], layout_onion_city,
          minmay_shop_grove
Elf:3:    elf_hall_gauntlet_wide, layout_loops_corners, basic_altar
Vaults:1: ebering_ghost_disaster_area, ontoclasm_vaults_loading_screen,
          hangedman_vaults_corner, vaults_room_semicircle,
          nicolae_vaults_three_branches, nicolae_vaults_yaktaur_gun_rack,
          vaults_room_stairs_pillars, nicolae_vaults_little_squares_2,
          nicolae_vaults_circle_grid_a, v_pattern_1,
          vaults_room_hangedman_quadrants, layout_vaults_quadrants, uniq_nikola
Vaults:2: nzn_ghost_randoct, grunt_vaults_diagonal, grunt_vaults_funnel,
          vaults_room_corners, st_squares, grunt_vaults_twisty,
          vaults_room_corners, hangedman_vaults_impose, v_misc_18,
          nicolae_vaults_network_s, vaults_mumra_chevron_long,
          nicolae_vaults_gold_heap, vaults_dpeg_ring, layout_vaults_big_cross,
          serial_shops, shop, shop, shop, nicolae_shop_crystal, shop
Vaults:3: grunt_vaults_funneled_arena, v_misc_26,
          minmay_crypt_entry_simple_walls, nicolae_vaults_network_quincunx
          [nicolae_vaults_network_quincunx_subvault,
          nicolae_vaults_network_quincunx_subvault,
          nicolae_vaults_network_quincunx_subvault,
          nicolae_vaults_network_quincunx_subvault,
          nicolae_vaults_network_quincunx_subvault], ontoclasm_vaults_chip,
          nicolae_vaults_network_square, nicolae_vaults_windows_and_doors_thing,
          vaults_mumra_minichess, vaults_dpeg_emergency_exit,
          grunt_vaults_hallway_short, ontoclasm_vaults_ligature,
          nicolae_vaults_specimen_jars, layout_vaults_omnibox, uniq_xtahua
Vaults:4: vaults_mumra_chevron, vaults_mumra_hexcomb,
          grunt_vaults_hallway_short, special_room_vaults [special_room_orc],
          hangedman_vaults_variations, ontoclasm_vaults_decontamination,
          v_misc_18, vaults_room_octagon, nicolae_vaults_little_squares_4,
          v_misc_23, v_misc_4, nicolae_vaults_mini_display_case, v_misc_26,
          layout_vaults_ring
Vaults:5: serial_shops
Depths:1: layout_gridlike, abyss_entry_flame_altar, grunt_hell_entry_dis_old,
          hellmonk_scarab_ruin
Depths:2: dreamdust_hydra_shepherd, layout_basic, lightli_too_deep,
          rand_demon_pan_entry_5, amcnicky_mini_corridor_feature,
          eino_tiny_chamber, drop_trap, minmay_misc_feat_nine_boxes,
          nicolae_wooded_promenade, infiniplex_staircase_squiggle
Depths:3: spriggan_forest, hell_entry, serial_shops, abyss_entry,
          uniq_saint_roka
Depths:4: evilmike_zot_entry_diamond, layout_cave_pools, hell_entry,
          hellmonk_ghost_happy_afterlife, nrook_uturn, pan_entry,
          corexii_leaking_fountain
Hell
Zot:1:    gammafunk_sealed_arena, layout_misc_corridors
Zot:2:    hellmonk_paralyzer, layout_onion, uniq_grunn
Zot:3:    layout_onion_interference, grunt_megastairs_5, uniq_parghit
Zot:4:    kennysheep_blocky_hall, layout_twisted_circle, st_large_dragon_hoard_2
Zot:5:    layout_twisted_circle

Skill      XL: |  1  2  3  4  5  6  7  8  9 10 11 12 13 14 15 16 17 18 19 20 21 22 23 24 25 26 27 |
---------------+----------------------------------------------------------------------------------+-----
Shields        | 3 4 5 6 7 8 9 10 11 12 13 | 13.3
Unarmed Combat | 3 4 5 6 8 10 12 13 15 16 18 19 20 21 23 24 26 27 | 27.0
Fighting       | 3 4 5 6 7 8 9 10 11 12 13 14 15 17 19 22 23 | 23.7
Dodging        | 4 5 7 8 9 |  9.9
Armour         | 2 7 8 9 11 | 11.0
Spellcasting   | 3 |  3.3
Earth Magic    | 3 8 12 14 15 | 15.3
Transmutations | 2 7 10 12 13 | 13.0

Action                   |  1- 3 |  4- 6 |  7- 9 | 10-12 | 13-15 | 16-18 | 19-21 | 22-24 | 25-27 || total
-------------------------+-------+-------+-------+-------+-------+-------+-------+-------+-------++-------
Melee: Unarmed           |    74 |   182 |   497 |   570 |  1523 |  1728 |  2041 |  1939 |  1697 || 10251
 Cast: Wereblood         |       |       |       |       |       |       |       |       |     3 ||     3
Invok: Lunge             |       |       |    20 |    46 |   102 |   165 |   117 |    80 |    88 ||   618
       Whirlwind         |       |       |    25 |    72 |   409 |   277 |   510 |   663 |   417 ||  2373
       Serpent's Lash    |       |       |       |     2 |     9 |     5 |    11 |     7 |     9 ||    43
 Abil: Wall Jump         |       |       |       |       |       |     1 |       |       |       ||     1
  Use: Scroll            |       |     2 |    14 |    17 |     4 |       |     1 |     5 |    14 ||    57
       Potion            |       |       |     3 |     2 |     5 |     1 |       |     8 |     8 ||    27
 Stab: Sleeping          |     1 |       |       |       |       |       |       |       |       ||     1
       Paralysed         |       |     2 |       |       |       |       |       |       |       ||     2
       Invisible         |       |       |       |     4 |       |       |       |       |       ||     4
       Petrified         |       |       |       |       |    13 |       |       |       |       ||    13
       Petrifying        |       |       |       |       |     1 |       |       |       |       ||     1
       Distracted        |       |       |       |       |       |       |     1 |     1 |     1 ||     3
Armor: Robe              |    17 |    44 |    85 |    64 |   180 |       |       |       |       ||   390
       Skin              |       |       |       |       |    42 |       |       |       |       ||    42
       Gold dragon scale |       |       |       |       |   277 |   488 |   605 |   441 |   472 ||  2283
Dodge: Dodged            |    19 |    53 |   193 |   160 |   415 |    38 |   119 |   108 |   116 ||  1221
Block: Kite shield       |    24 |    64 |   208 |   214 |   777 |  1743 |  2002 |  1636 |  1451 ||  8119
       Reflection        |       |       |       |       |       |    10 |   144 |    72 |    29 ||   255

Table legend: (Time is in decaauts)
 A = Elapsed time spent in this place.
 B = Non-inter-level travel time spent in this place.
 C = Inter-level travel time spent in this place.
 D = Time resting spent in this place.
 E = Time spent auto-exploring this place.
 F = Levels seen in this place.
 G = Mean time per level.
                   A        B        C        D        E       F      G
               +--------+--------+--------+--------+--------+-----+--------+
         Total |  84849 |  79261 |   5588 |  27629 |  33605 |  58 | 1462.9 |
       Dungeon |  15641 |  13607 |   2034 |   1547 |   9090 |  15 | 1042.7 |
        Temple |     16 |      8 |      8 |      0 |      0 |   1 |   16.0 |
          Lair |   7149 |   6388 |    761 |   1065 |   4092 |   5 | 1429.8 |
        Shoals |   4165 |   4031 |    134 |    974 |   2193 |   4 | 1041.2 |
     Snake Pit |   4937 |   4651 |    286 |    613 |   2594 |   4 | 1234.2 |
    Slime Pits |   8344 |   8131 |    213 |   5863 |   1259 |   5 | 1668.8 |
  Orcish Mines |   2890 |   2773 |    117 |    759 |   1269 |   2 | 1445.0 |
   Elven Halls |   6404 |   6030 |    374 |   2445 |   2344 |   3 | 2134.7 |
        Vaults |   9868 |   9111 |    757 |   1867 |   4536 |   5 | 1973.6 |
        Depths |  11464 |  10907 |    557 |   6104 |   3130 |   4 | 2866.0 |
          Hell |     18 |     18 |      0 |      0 |      0 |   1 |   18.0 |
           Zot |  11384 |  11042 |    342 |   5675 |   2349 |   5 | 2276.8 |
         Sewer |    580 |    580 |      0 |      0 |    361 |   1 |  580.0 |
       Ossuary |    403 |    403 |      0 |     11 |    182 |   1 |  403.0 |
      Ice Cave |    649 |    649 |      0 |    354 |     56 |   1 |  649.0 |
      Gauntlet |    929 |    929 |      0 |    348 |    150 |   1 |  929.0 |
               +--------+--------+--------+--------+--------+-----+--------+

Top non-repeatable levels by time:
Depths:1: 4919 daAuts
   Zot:1: 3792 daAuts
 Slime:4: 3639 daAuts
Depths:3: 3221 daAuts
   Elf:2: 2837 daAuts
Vaults:5: 2489 daAuts
   Zot:2: 2325 daAuts
Vaults:2: 2317 daAuts
  Lair:5: 2219 daAuts
   Orc:2: 2188 daAuts
Vaults:1: 2110 daAuts
   Zot:5: 2010 daAuts
    D:13: 1966 daAuts
Depths:4: 1915 daAuts
 Slime:2: 1837 daAuts
